AoeStats
← misterstaff

Arena

510032707Analyzed
1v1 RM · 4d ago on Sep 29, 2026· 47m 39s· 2 players
Game mode
Random Map
Map size
Tiny (2 player)
Population
200
Speed
Normal
Resources
Standard
Victory
Conquest
Starting age
Dark Age
Ending age
Imperial Age
RankedLock teamsTeams togetherTeam positionsShared explorationLock speedFull tech treeHidden civsTurbo modeCheats
Victory
Defeat
🇺🇸 Saxons · United States
692
+12
🇦🇷 Portuguese · Argentina
607
-12
misterstaff
3:50 Loom
11:18 Feudal Age
11:44 Double-Bit Axe
11:42 Horse Collar
19:44 Castle Age
18:59 Stone Mining
24:21 Imperial Age
23:06 Gold Mining
23:28 Bow Saw
24:38 Treadmill Crane
26:55 Scale Mail Armor
27:05 Forging
27:14 Heavy Plow
28:28 Shield Wall
29:30 Conscription
30:12 Wheelbarrow
31:01 Gold Shaft Mining
32:17 Squires
32:02 Gambesons
32:05 Arson
33:46 Ballistics
34:20 Fletching
35:31 Iron Casting
35:11 Chain Mail Armor
35:10 Murder Holes
35:02 Elite Varangian Guard
36:00 Bodkin Arrow
38:05 Chemistry
39:41 Plate Mail Armor
39:11 Town Watch
42:56 Masonry
43:08 Hand Cart
44:36 Crop Rotation
47:25 Guilds
T3mistocles
5:52 Loom
11:44 Feudal Age
15:27 Castle Age
15:37 Double-Bit Axe
15:39 Horse Collar
20:01 Bow Saw
21:14 Heavy Plow
24:15 Wheelbarrow
24:18 Man-at-Arms
25:42 Forging
25:40 Gambesons
26:36 Long Swordsman
28:30 Gold Mining
32:35 Iron Casting
37:55 Imperial Age
36:26 Scale Mail Armor
36:40 Masonry
39:00 Conscription
38:43 Capped Ram
39:45 Chain Mail Armor
39:43 Arson
40:44 Two-Handed Swordsman
42:24 Champion
47:56 Plate Mail Armor
Connection lost

Rejoining the realm…

Still unreachable

The connection could not be restored.

Session expired

The server has moved on; the page needs a fresh start.